 Dungeon Crawl Stone Soup version 0.14-a0-1739-g6c2808e (webtiles) character file.

814 Piginabag the Insei (level 7, 0/45 HPs)
             Began as an Octopode Transmuter on Jan 4, 2014.
             Slain by an orc
             ... wielding a +0,+3 orcish hand axe of venom
              (6 damage)
             ... on Level 5 of the Dungeon.
             The game lasted 00:11:43 (4868 turns).

Piginabag the Insei (Octopode Transmuter)           Turns: 4868, Time: 00:11:43

HP   0/45        AC  2     Str  9      XL: 7   Next: 42%
MP  12/15        EV 22     Int 16      God:
Gold 210         SH  0     Dex 19      Spells:  2 memorised,  9 levels left

rFire  . . .     SeeInvis .       - Unarmed
rCold  + . .     Clarity  .     (shield currently unavailable)
rNeg   . . .     Conserve .     (helmet currently unavailable)
rPois  x         rCorr    .     t - amulet of the gourmand
rElec  .         rRot     .     j - ring of sustain abilities
SustAb + .       Spirit   .     C - ring of protection from cold
rMut   .         Warding  .     (no ring)
Gourm  +         Stasis   .     (no ring)
                                (no ring)
                                (no ring)
                                (no ring)
                                (no ring)

@: spider-form, quick, slightly resistant to hostile enchantments, quite
stealthy
A: almost no armour, amphibious, 8 rings, (constrict 8), (camouflage 0),
(gelatinous body 0)
a: End Transformation


You were on level 5 of the Dungeon.
You were not hungry.
You were in spider-form.
You visited 1 branch of the dungeon, and saw 5 of its levels.

You collected 210 gold pieces.

Inventory:

Hand weapons
 A - a +1 blowgun
Missiles
 n - 21 poisoned needles
Magical devices
 m - a wand of fireball (3) {unknown}
 B - a wand of disintegration (6) {unknown}
 I - a wand of digging (5) {unknown}
Comestibles
 b - a chunk of orc flesh
 f - 2 meat rations
 p - 2 chokos
 q - a royal jelly
 r - 3 cheeses
 u - a bread ration
 D - an apple
Scrolls
 a - 2 scrolls of enchant armour {unknown}
 c - 3 scrolls of remove curse {unknown}
 e - 2 scrolls of blinking {unknown}
 h - 4 scrolls of identify
 i - 2 scrolls of magic mapping {unknown}
 l - 3 scrolls of fear {unknown}
 o - a scroll of random uselessness {unknown}
 H - a scroll of teleportation {unknown}
Jewellery
 j - a ring of sustain abilities (left front leg)
 t - an amulet of the gourmand (around neck)
 y - an uncursed amulet of resist mutation
 C - a ring of protection from cold (right front leg)
 F - a +3 ring of evasion {unknown}
 G - a +6 ring of protection {unknown}
Potions
 g - a potion of might {unknown}
 k - a potion of curing {unknown}
 s - 3 potions of speed
 v - 2 potions of restore abilities {unknown}
 w - a potion of flight {unknown}
 x - 2 potions of magic {unknown}
 z - a potion of berserk rage {unknown}
 E - a potion of confusion {unknown}
Books
 d - a book of Changes

   Spells                             Type                      Level
   *Beastly Appendage                 Transmutation                1
   Sticks to Snakes                   Transmutation                2
   *Spider Form                       Transmutation/Poison         3
   Ice Form                           Ice/Transmutation            4
   Blade Hands                        Transmutation                5


   Skills:
 + Level 2.2 Fighting
 + Level 4.0 Dodging
 + Level 3.2 Stealth
 + Level 4.7 Unarmed Combat
 + Level 3.7 Spellcasting
 + Level 3.5 Transmutations
 + Level 0.5 Poison Magic


You had 9 spell levels left.
You knew the following spells:

 Your Spells              Type           Power        Failure   Level  Hunger
a - Beastly Appendage     Trmt           ##....       17%         1    None
b - Spider Form           Trmt/Pois      #.........   41%         3    ###....


Dungeon Overview and Level Annotations

Branches:
Dungeon (5/16)
 Temple: D:4-7

Altars:
Fedhas
Okawaru
Zin

Shops:
D:5 (

Annotations:
D:2 Ijyb


Innate Abilities, Weirdness & Mutations

You cannot wear most types of armour.
You are amphibious.
You can wear up to eight rings at the same time.*
((You can use your tentacles to constrict many enemies at once.))*
((Your skin changes colour to match your surroundings (Stlth).))*
((Your rubbery body absorbs attacks (AC +1).))*


Message History

You hear some strange, mumbled words.
A puff of flame appears from out of thin air!
The puff of flame hits you!
One of your 5 scrolls of identify catches fire!
One of your 2 scrolls labeled STRUPH XUNWU catches fire!
Casting: Beastly Appendage
Confirm with . or Enter, or press ? or * to list all spells.
Your spike disappears.
You turn into a venomous arachnid creature.
You hear some strange, mumbled words.
The magic dart hits you!
* * * LOW HITPOINT WARNING * * *
It completely misses you.
You bite it!
Reactivating autopickup.
You feel a bit more experienced.
You hit the orc.
The orc is poisoned.
The orc is severely wounded.
The orc hits you with a runed orcish hand axe.
You die...

....#.##.....# #.....#
.............# #...#.#
....#.##.....# #####.#
..#.#.##.....# #.#
...>..######## #.# )...###
.. #.# .#### #. #.# .#
###.######.# .######
#....os....#
......##.......#####.......#
#####.##..#.#.{. ........ #
# .......# +####... #
>....##.#8 .. # .### #.#.. #
#.#.. # ..+ #. #.#


You could see an orc.

Vanquished Creatures
  A sky beast (D:5)
  An ogre (D:4)
  3 crimson imps
  3 worker ants (D:4)
  A scorpion (D:3)
  A hound (D:4)
  2 orc wizards
  6 adders
  A worm (D:3)
  An adder zombie (D:5)
  3 oozes
  10 orcs
  2 ball pythons
  8 bats
  6 giant cockroaches
  6 goblins
  9 hobgoblins
  A quokka (D:3)
  2 giant geckos
  3 giant newts
  4 jackals
  10 kobolds
  7 rats
91 creatures vanquished.

Notes
Turn   | Place    | Note
--------------------------------------------------------------
     0 | D:1      | Piginabag, the Octopode Transmuter, began the quest for the Orb.
     0 | D:1      | Reached XP level 1. HP: 13/13 MP: 3/3
   432 | D:1      | Reached XP level 2. HP: 12/18 MP: 2/4
  1045 | D:2      | Reached XP level 3. HP: 16/23 MP: 4/6
  1501 | D:2      | Learned a level 3 spell: Spider Form
  1959 | D:2      | Noticed Ijyb
  2032 | D:3      | Reached skill level 1 in Stealth
  2032 | D:3      | Reached XP level 4. HP: 24/28 MP: 6/8
  2554 | D:3      | Reached skill level 4 in Unarmed Combat
  2554 | D:3      | Reached XP level 5. HP: 27/33 MP: 9/9
  2560 | D:3      | Found a blossoming altar of Fedhas.
  3325 | D:4      | Found an iron altar of Okawaru.
  3461 | D:4      | Reached XP level 6. HP: 27/39 MP: 9/11
  3475 | D:4      | Noticed an ogre
  3705 | D:4      | Killed an ogre
  3884 | D:4      | Found a glowing silver altar of Zin.
  4151 | D:5      | Entered Level 5 of the Dungeon
  4170 | D:5      | Reached XP level 7. HP: 26/45 MP: 15/15
  4339 | D:5      | Found Upru's Weapon Shop.
  4868 | D:5      | Slain by an orc

Action                   |  1- 3 |  4- 6 |  7- 9 || total
-------------------------+-------+-------+-------++-------
Melee: Unarmed           |    87 |   117 |    32 ||   236
 Cast: Beastly Appendage |    13 |    18 |     3 ||    34
       Spider Form       |       |     2 |     2 ||     4
  Use: Scroll            |     3 |     2 |       ||     5
 Stab: Sleeping          |     3 |     3 |     2 ||     8
